 BcadrenCrawl: Boulder Brew version 0.06-744-gf22570f5e0 (webtiles) character file.

Game seed: 8109683997026300897

77 LabCoat the Skirmisher (level 4, -1/59 HPs) Hill Orc Fighter. Began on Mar 6, 2023. Slain by a cinder newt (3 damage) ... on level 1 of the Dungeon. The game lasted 00:03:02 (260 turns).

LabCoat the Skirmisher (Hill Orc Fighter)            Turns: 260, Time: 00:03:02

Health: -1/59      AC: 12    Str: 19    XL:     4 ^: 54
Magic:  4/4        EV:  7    Int:  8    God:
Gold:   11         SH:  8    Dex: 10    Spells: 3/3 levels left

rFire    . . .     Slash    .   a - +0 war axe
rCold    . . .     Pierce   .   j - +1 heater shield {AC+3}
rNeg     . . .     Bludgeon .   i - +0 chain mail
rCorr    . . .     Vision   .   (no helmet)
rPois    .         Gourm    .   (no cloak)
rElec    .         Faith    .   (no gloves)
MR       .....     Spirit   .   (no boots)
HPRegen  0.29/turn Reflect  .   (no amulet)
MPRegen  0.14/turn Harm     .   e - ring of slaying (curse) {(Curse: Stlth-)}
Stlth    ..........             (no ring)

@: no status effects
A: soft flesh
a: no special abilities


You were on level 1 of the Dungeon.
You were not hungry.

You visited 1 branch of the dungeon, and saw 1 of its levels.

You collected 11 gold pieces.

Inventory:

Weapons
 a - a +0 war axe (weapon) Shields
 c - a +0 heater shield
 h - a +0 targe
 j - a +1 heater shield of protection (shield)
Armour
 i - a +0 chain mail (worn)
Jewellery
 d - an uncursed ring of positive energy
 e - a cursed ring of slaying (left hand) {(Curse: Stlth-)}
Comestibles
 f - 2 rations
 g - 12 chunks of flesh


   Skills:
 * Level 4.3 Fighting
 * Level 3.7 Axes & Hammers
 + Level 3.6 Armour
 + Level 0.9 Dodging
 * Level 3.9 Shields


You had 3 spell levels left.
You didn't know any spells.
Your spell library was empty.

Dungeon Overview and Level Annotations

Branches:
Dungeon (1/8)

Altars:


Innate Abilities, Weirdness & Mutations

((Your soft flesh is weak to deep cuts.
Heavy manmade armour will nullify this weakness. (rSlashing-)))


Message History

The cinder newt is moderately wounded. (8/10) HP You hit the cinder newt but do no damage.
You slash the goblin (8)!
He is lacerated severely!
You kill the goblin!
The cinder newt bites you (2).
* * * LOW HITPOINT WARNING * * *
The cinder newt burns you (3).
* * * LOW HITPOINT WARNING * * *
You block the cinder newt's attack.
A giant cockroach comes into view.
You block the cinder newt's attack.
You hit the cinder newt (2).
It resists.
The cinder newt is moderately wounded. (7/11) HP You hit the cinder newt but do no damage.
The cinder newt bites you (1).
* * * LOW HITPOINT WARNING * * *
The cinder newt burns you (4).
* * * LOW HITPOINT WARNING * * *
The cinder newt bites you. The cinder newt burns you (3).
You die...

##...#.............
##.
##...................
##
#..##................
#....................
##...)...............
####..#####.##.......
##..#..### #......?...
#......#.###.l)l......
#....#.......)@)......
##..##.......##.g...s.
##. ##.......#≈≈.....
## #..)...##>≈.....
#......## ≈≈....#
#......# ......#
#......... #.....#
..#.....!.# ##....
..##......##


You could see 2 cinder newts, a giant cockroach and a goblin.

Vanquished Creatures
  3 giant cockroaches (D:1)
  A cinder newt (D:1)
  3 dart slugs (D:1)
  A ball python (D:1)
  A bat (D:1)
  3 goblins (D:1)
  3 hobgoblins (D:1)
  4 kobolds (D:1)
  4 rats (D:1)
23 creatures vanquished.

Vanquished Creatures (others)
  A hobgoblin (D:1)
1 creature vanquished.

Grand Total: 24 creatures vanquished

Notes
Turn   | Place    | Note
-------+----------+-------------------------------------------
     0 | D:1      | LabCoat the Hill Orc Fighter began the quest for the Orb.
     0 | D:1      | Reached XP level 1. HP: 29/29 MP: 1/1
    69 | D:1      | Reached XP level 2. HP: 39/39 MP: 2/2
   107 | D:1      | Reached skill level 4 in Fighting
   108 | D:1      | Reached XP level 3. HP: 44/49 MP: 3/3
   247 | D:1      | Reached XP level 4. HP: 52/59 MP: 4/4
   260 | D:1      | HP: 2/59 [cinder newt (4)]
   260 | D:1      | Slain by a cinder newt

Illustrated notes

Levels and vault maps discovered:
D:1:      nzn_arrival_crosshair, layout_cave_pools

Skill      XL: |  1  2 |
---------------+-------+-----
Axes & Hammers | 3 |  3.7
Fighting       | 4 |  4.3
Armour         | |  3.6
Dodging        | |  0.9
Shields        | |  3.9

Action                   |  1- 3 |  4- 6 || total
-------------------------+-------+-------++-------
Melee: War axe           |    18 |     8 ||    26
       Targe             |     4 |       ||     4
  Use: Potion            |     1 |     1 ||     2
Armor: Scale mail        |     3 |       ||     3
       Chain mail        |    16 |    16 ||    32
Dodge: Dodged            |     5 |     3 ||     8
Block: Targe             |    10 |       ||    10
       Heater shield     |       |     7 ||     7
